Map: Curious Minds LE

Players

A.I. 1 (Very Easy)

  • Race: Terran Terran

RustyShacky - Winner!

  • Race: Terran Terran
  • League: Platinum

VOD

Have the link to the VOD?

Description

Time

  • Played on: March 24, 2022, 11:43 p.m.
  • Length: 11:58
Show
View Real Time Build Order
Export as new Build Order

A.I. 1 (Very Easy) Terran 

Build Orders:  

Get SALT Encoding   

  12  0:00  SCV  
  13  0:13  SCV  
  14  0:18  Supply Depot  
  14  0:37  Refinery  
  14  0:42  Barracks  
  14  1:04  Supply Depot  
  14  1:12  Refinery  
  14  1:29  Barracks Tech Lab  
  14  1:30  Orbital Command  
  14  1:47  Marine  
  15  1:56  SCV  
  16  2:08  SCV  
  17  2:20  SCV  
  18  2:32  Marine, SCV  
  20  2:44  SCV  
  21  2:56  SCV  
  22  3:17  Marauder  
  24  4:17  SCV  
  24  6:26  SCV  
  24  6:39  Marine, SCV  
  26  6:40  Supply Depot  
  26  6:43  Factory  
  26  6:46  Command Center  
  26  7:02  SCV  
  26  7:04  Supply Depot  
  27  7:11  Marine  
  27  7:14  SCV  
  25  7:26  SCV  
  25  7:29  Starport  
  26  7:43  Marine  
  27  7:59  SCV  
  27  8:06  SCV  
  27  8:09  Starport Tech Lab, Refinery  
  27  8:10  Refinery  
  28  8:13  SCV  
  28  8:15  Marine  
  30  8:20  SCV  
  31  8:27  SCV  
  31  8:29  Raven  
  34  8:35  SCV  
  35  8:42  SCV  
  35  8:47  Marine  
  37  8:49  SCV  
  38  8:56  SCV  
  39  9:03  SCV  
  40  9:11  SCV, Raven  
  43  9:18  SCV  
  43  9:20  Marauder  
  46  9:25  SCV  
  47  9:32  SCV  
  48  9:39  SCV  
  49  9:46  SCV  
  50  9:54  SCV  
  51  11:01  SCV  
  51  11:11  Marine  
  45  11:23  SCV  
  38  11:29  Supply Depot  
  23  11:35  SCV  
Show
View Real Time Build Order
Export as new Build Order

RustyShacky Terran - Winner!

Build Orders: Cyclone Opening 

Get SALT Encoding   

  12  0:00  SCV  
  13  0:12  SCV  
  14  0:17  Supply Depot  
  14  0:24  SCV  
  15  0:39  SCV  
  15  0:40  Barracks  
  16  0:43  Refinery  
  16  0:51  SCV  
  16  0:53  Refinery  
  17  1:03  SCV  
  18  1:15  SCV  
  19  1:27  Reaper, Orbital Command  
  19  1:29  Supply Depot  
  20  1:44  Factory  
  20  1:54  SCV  
  21  1:59  Reaper  
  22  2:06  SCV  
  23  2:18  SCV  
  24  2:25  Command Center  
  24  2:30  Factory Tech Lab  
  24  2:35  SCV  
  25  2:44  Barracks Reactor, Supply Depot  
  25  2:48  SCV  
  25  2:51  Cyclone  
  29  3:00  SCV  
  29  3:03  Starport  
  30  3:12  SCV  
  31  3:19  Refinery  
  31  3:20  Supply Depot  
  31  3:24  SCV  
  32  3:29  Marine x2  
  32  3:32  Factory Tech Lab  
  34  3:37  SCV  
  35  3:41  Orbital Command  
  35  3:47  Raven  
  37  3:49  SCV  
  37  3:51  Marine x2  
  40  4:01  SCV, Siege Tank  
  44  4:07  SCV  
  45  4:13  SCV  
  46  4:18  Marine x2  
  46  4:19  SCV  
  49  4:24  Supply Depot  
  49  4:25  SCV  
  50  4:31  SCV  
  50  4:32  Raven  
  50  4:37  SCV  
  54  4:41  Barracks  
  54  4:42  Siege Tank, Barracks  
  54  4:44  SCV  
  58  4:52  Refinery  
  58  4:54  Marine x2, SCV  
  58  4:56  SCV  
  62  5:03  Supply Depot  
  62  5:07  SCV  
  63  5:08  SCV  
  64  5:16  Siege Tank  
  64  5:19  SCV  
  64  5:20  SCV  
  69  5:24  Supply Depot  
  69  5:28  Stimpack  
  69  5:30  Barracks Reactor  
  69  5:31  Barracks Reactor, SCV  
  69  5:35  Supply Depot  
  71  5:37  Marine, Viking x2  
  75  5:52  Command Center  
  75  5:55  Siege Tank  
  78  6:06  Engineering Bay, Supply Depot  
  78  6:12  Engineering Bay, Supply Depot  
  78  6:14  Viking  
  78  6:16  Viking  
  82  6:27  Siege Tank  
  85  6:35  Terran Infantry Weapons Level 1  
  85  6:36  Factory  
  85  6:38  Terran Infantry Armor Level 1  
  85  6:57  Barracks  
  85  6:58  Barracks  
  85  6:59  Viking x2  
  89  7:01  Siege Tank  
  89  7:02  Marine x4  
  89  7:03  Marine  
  97  7:14  Supply Depot  
  97  7:15  Supply Depot  
  97  7:20  Factory Tech Lab  
  97  7:31  Orbital Command  
  97  7:32  Armory  
  97  7:33  SCV x2  
  99  7:39  Siege Tank  
  99  7:43  Combat Shield  
  102  7:45  Barracks Reactor, SCV  
  102  7:46  Barracks Reactor, SCV  
  104  7:56  Siege Tank  
  107  7:59  SCV x3  
  110  8:09  Medivac  
  110  8:11  SCV x3  
  115  8:15  Supply Depot  
  115  8:19  Armory  
  115  8:22  Refinery  
  115  8:23  SCV x2  
  115  8:24  SCV  
  115  8:25  Siege Tank  
  121  8:38  Siege Tank  
  121  8:40  Marine x3  
  121  8:41  Marine x6  
  133  8:47  Refinery  
  133  8:51  Terran Infantry Weapons Level 2  
  133  8:58  Marine x9  
  142  9:07  Siege Tank  
  142  9:09  Medivac  
  147  9:12  Command Center  
  147  9:15  Supply Depot  
  147  9:27  Terran Infantry Armor Level 2  
  147  9:28  Siege Tank  
  147  9:30  Supply Depot  
  150  9:35  Terran Vehicle Weapons Level 1  
  150  9:40  Marine  
  150  9:41  Marine x8  
  150  9:44  Supply Depot  
  159  9:46  Siege Tank  
  159  9:50  Supply Depot  
  162  9:54  Terran Vehicle And Ship Armor Level 1  
  162  9:58  Marine x4, Supply Depot  
  162  9:59  Marine x5  
  171  10:00  Medivac  
  171  10:05  Medivac  
  175  10:10  Siege Tank, Supply Depot  
  178  10:21  SCV x3, Supply Depot  
  181  10:25  Siege Tank  
  184  10:33  SCV x3, Medivac  
  184  10:34  Marine x3  
  184  10:35  Marine x3, Medivac  
  194  10:36  Marine  
  194  10:37  Marine  
  194  10:38  Marine  
  200  11:04  Armory, Planetary Fortress  
  200  11:21  Refinery  
  200  11:24  Refinery  
Tags
 
Add a new tag
Caveats
  • Supply blocks, unpowered buildings, or Contaminate may cause inaccurate times.
  • Supply counts are checked every 10 seconds.